 Dungeon Crawl Stone Soup version 0.18.1-50-g88ac8fd (webtiles) character file.

190831 Duraxyll the Severer (level 18, -1/126 HPs)
             Began as a Gargoyle Berserker on Oct 1, 2016.
             Was the Champion of Trog.
             Killed from afar by a thorn hunter (15 damage)
             ... with a volley of thorns
             ... on level 2 of the Swamp on Oct 2, 2016.
             The game lasted 02:23:12 (27868 turns).

Duraxyll the Severer (Gargoyle Berserker)          Turns: 27868, Time: 02:23:12

Health: -1/126     AC: 45    Str: 24    XL:     18   Next: 18%
Magic:  18/18      EV: 13    Int:  5    God:    Trog [******]
Gold:   2164       SH:  0    Dex: 17    Spells: 0 memorised, 17 levels left

rFire  . . .     SeeInvis .     v - +8 executioner's axe (venom)
rCold  + + .     Gourm    .     y - +2 plate armour {rC+}
rNeg   + . .     Faith    +     (shield currently unavailable)
rPois  ∞         Spirit   .     n - +0 helmet
rElec  +         Dismiss  .     I - +2 cloak
rCorr  .         Reflect  .     a - +2 pair of gloves
SustAt .         Harm     .     z - +2 pair of boots "Uzaos" {rPois rC+ Str+2 Int-4}
MR     +....                    D - amulet of faith
Stlth  ..........               f - +2 ring of dexterity
                                S - +2 ring of evasion

@: exhausted, flying, very slightly contaminated, slowed, very slow, somewhat
resistant to hostile enchantments, extremely unstealthy
A: big wings, negative energy resistance 1, electricity resistance, unbreathing,
petrification resistance, rot immunity, AC +13
a: Stop Flying, Berserk, Trog's Hand, Brothers in Arms, Burn Spellbooks,
Renounce Religion
}: 1/15 runes: serpentine


You were on level 2 of the Swamp.
You worshipped Trog.
Trog was exalted by your worship.
You were not hungry.

You visited 5 branches of the dungeon, and saw 27 of its levels.
You also visited: Ice Cave and Volcano.

You collected 2164 gold pieces.

Inventory:

Hand Weapons
 v - a +8 executioner's axe of venom (weapon)
Missiles
 B - 14 javelins (quivered)
Armour
 a - a +2 pair of gloves (worn)
 n - a +0 helmet (worn)
 y - a +2 plate armour of cold resistance (worn)
 z - the +2 pair of boots "Uzaos" (worn) {rPois rC+ Str+2 Int-4}
   (You found it in an ice cave)

   It affects your strength (+2).
   It affects your intelligence (-4).
   It protects you from cold.
   It protects you from poison.
 I - a +2 cloak (worn)
Jewellery
 b - an uncursed amulet of the gourmand
 f - a +2 ring of dexterity (right hand)
 s - a +4 ring of protection
 C - an uncursed ring of ice
 D - an amulet of faith (around neck)
 S - a +2 ring of evasion (left hand)
Wands
 i - a wand of hasting (2/9)
 r - a wand of enslavement (7/24)
 t - a wand of digging (17/24)
 x - a wand of lightning (5/15)
 H - a wand of flame (48/48)
 J - a wand of disintegration (17/24)
 M - a wand of polymorph (7/24)
 P - a wand of disintegration (11/24)
 Q - a wand of confusion (17/48)
 R - a wand of lightning (7/15)
 T - a wand of lightning (4/15)
 Z - a wand of lightning (3/15)
Scrolls
 e - a scroll of summoning
 g - 6 scrolls of enchant armour
 h - a scroll of blinking
 p - 6 scrolls of teleportation
 q - 3 scrolls of fear
 u - 7 scrolls of recharging
 G - 4 scrolls of magic mapping
 N - 3 scrolls of remove curse
 W - 3 scrolls of fog
Potions
 c - 3 potions of magic
 j - 7 potions of curing
 k - 6 potions of ambrosia
 l - 3 potions of might
 o - 2 potions of resistance
 w - 5 potions of berserk rage
 K - 4 potions of brilliance
 U - 4 potions of flight
 X - a potion of haste
 Y - 7 potions of agility
Miscellaneous
 E - a plain deck of defence {the Shaft}
 O - a sack of spiders
Comestibles
 d - 17 fruits
 m - 21 bread rations
 A - 6 meat rations
 F - 5 chunks of flesh


   Skills:
 + Level 18.3 Fighting
 + Level 19.0 Axes
 + Level 0.1 Throwing
 + Level 16.0 Armour
 + Level 5.4 Dodging
 + Level 3.3 Stealth


You had 17 spell levels left.
You didn't know any spells.

Dungeon Overview and Level Annotations

Branches:
Dungeon (12/15)            Temple (1/1) D:6            Lair (8/8) D:10
  Swamp (2/4) Lair:5        Snake (4/4) Lair:4        Slime (0/6) Lair:8
    Orc: D:9-12

Altars:
Ashenzari
Cheibriados
Dithmenos
Elyvilon
Fedhas
Gozag
Kikubaaqudgha
Makhleb
Nemelex Xobeh
Okawaru
Pakellas
Qazlal
Ru
Sif Muna
Trog
Vehumet
Xom
Yredelemnul
Zin
The Shining One

Shops:
D:6 :   Snake:2 :

Annotations:
D:7 4 runed doors


Innate Abilities, Weirdness & Mutations

You are resistant to torment.
Your stone body is resilient (AC +13).
You are immune to poison.
Your large and strong wings let you fly indefinitely.
You resist negative energy.
You are resistant to electric shocks.
You can survive without breathing.
You are immune to petrification.
You are immune to rotting.


Message History

Press: ? - help, Dir - move target cursor You are very lightly contaminated with residual magic.
As you read the scroll of blinking, it crumbles to dust.
The thorn hunter fires a volley of thorns at you.
The volley of thorns hits you!
* * * LOW HITPOINT WARNING * * *
The thorn hunter fires a volley of thorns at you.
The volley of thorns hits you!
The thorn hunter fires a volley of thorns at you.
The volley of thorns misses you.
The thorn hunter fires a volley of thorns at you.
The volley of thorns hits you!
The thorn hunter fires a volley of thorns at you.
The volley of thorns hits you!
* * * LOW HITPOINT WARNING * * *
Your stone giant goes berserk!
You feel somewhat more hungry.
The thorn hunter fires a volley of thorns at you.
The volley of thorns hits you!
You die...

..♣.........♣ ≈.≈≈≈≈
♣§....≈≈≈≈..♣♣ ≈≈≈≈≈≈
♣♣≈.≈≈≈≈≈§...♣♣♣ ≈.≈≈≈≈
♣≈.≈≈≈≈≈≈≈....♣ ≈...≈≈
♣♣≈≈≈≈≈≈≈≈≈≈§.. ♣♣♣≈
♣≈.≈≈≈≈≈≈≈≈≈≈.♣♣ ♣.§≈♣
♣♣......≈≈≈≈≈♣≈♣♣ ♣≈♣≈≈♣
♣≈....♣.≈≈≈.§.≈♣♣♣♣≈≈≈♣≈♣♣≈
♣♣♣♣♣♣......≈.@♣.≈≈≈≈≈≈♣.≈≈
♣♣§...≈♣.....≈≈≈≈≈≈≈≈≈≈≈
♣..........≈.C≈≈≈≈≈≈.≈≈≈
♣.≈...≈≈≈≈≈....♣≈≈≈♣.≈≈≈
♣♣..≈≈.≈≈≈≈≈≈≈≈≈♣≈♣≈....
♣♣♣♣♣♣(...≈≈≈f...♣.≈≈≈.
♣♣♣♣.≈≈≈≈...≈.≈≈≈.
♣♣.≈≈≈§≈.§.≈≈≈≈
♣♣≈≈....≈.≈≈≈≈


You could see a thorn hunter and a friendly stone giant (berserk).

Vanquished Creatures
  Kirke (Snake:3)
  13 greater nagas
  A white draconian (IceCv)
  The ghost of atarun the Cleaver, a journeyman HOBe of Trog (Lair:2)
  Harold (Lair:3)
  9 hydras
  18 naga warriors
  2 ghost crabs (Swamp:2)
  3 alligators (Swamp:1)
  17 anacondas
  11 death yaks
  12 naga sharpshooters
  12 shock serpents
  6 salamander mystics
  14 naga ritualists
  Pikel (D:4)
  2 griffons
  A swamp dragon (Swamp:1)
  13 mana vipers
  3 oklob plants (Lair:8)
  9 salamanders
  A hornet (Swamp:2)
  10 elephants
  10 guardian serpents
  A centaur zombie (D:8)
  An ice statue (IceCv)
  A torpor snail (Lair:7)
  39 black mambas
  Joseph (D:7)
  17 naga magi
  28 spiny frogs
  2 komodo dragons
  2 rime drakes
  A two-headed ogre (D:11)
  A troll (D:9)
  The ghost of Lluna the Archer, an amateur CeHu of Makhleb (D:5)
  8 giant leeches
  11 polar bears (IceCv)
  A boulder beetle (Lair:5)
  23 blink frogs
  4 bog bodies
  3 vampires
  2 flying skulls (Volcano)
  A shadow (Swamp:1)
  5 hogs (Snake:3)
  3 wyverns
  2 basilisks (Lair:4)
  54 yaks
  14 hippogriffs
  A hungry ghost (D:11)
  13 vampire mosquitoes
  The ghost of Iflex the Ducker, an amateur MfGl (D:3)
  13 insubstantial wisps
  A soldier ant (D:10)
  55 nagas
  4 swamp worms
  11 water moccasins
  Duvessa (D:7)
  11 porcupines
  11 ice beasts
  5 orc warriors
  3 swamp drakes
  The ghost of azmarco the Ducker, an amateur TrFi of Makhleb (D:4)
  2 slaves (D:4)
  6 ogres
  4 sky beasts
  3 wasps
  A black bear (D:8)
  2 phantoms
  12 centaurs
  28 wolves
  15 crocodiles
  3 big kobolds
  A wyvern zombie (D:11)
  41 giant frogs
  3 scorpions
  Dowan (D:7)
  11 killer bees
  3 howler monkeys
  6 electric eels
  7 crimson imps
  8 hounds
  2 lava snakes (Lair:8)
  2 jellies
  7 orc priests
  A centaur skeleton (D:10)
  6 iguanas
  12 orc wizards
  9 worker ants
  A sheep (D:10)
  3 hound zombies
  A mummy (Volcano)
  A worker ant zombie (D:9)
  Robin (D:2)
  10 adders
  9 gnolls
  55 river rats
  A shadow imp (D:9)
  An ooze (D:3)
  An adder zombie (D:9)
  4 worms
  2 dart slugs
  9 giant geckos
  44 orcs
  4 giant cockroaches
  17 goblins
  4 hobgoblins
  10 jackals
  21 kobolds
  3 quokkas
  3 ball pythons
  5 bats
  4 giant newts
  5 rats
  A butterfly (Lair:6)
  7 fungi
  8 plants
959 creatures vanquished.

Vanquished Creatures (collateral kills)
  A naga warrior (Snake:4)
  A naga sharpshooter (Snake:3)
  A shock serpent (Snake:3)
  A naga mage (Snake:4)
  2 nagas
6 creatures vanquished.

Vanquished Creatures (others)
  A hydra (Swamp:1)
  A naga sharpshooter (Snake:4)
  A polar bear (IceCv)
  An ice beast (Lair:5)
  2 slaves (D:4)
  2 adders (D:4)
  A river rat (Lair:8)
  3 jackals (D:4)
  A giant newt (D:4)
  17 fungi
  17 plants
47 creatures vanquished.

Grand Total: 1012 creatures vanquished

Notes
Turn   | Place    | Note
--------------------------------------------------------------
     0 | D:1      | Duraxyll the Gargoyle Berserker began the quest for the Orb.
     0 | D:1      | Reached XP level 1. HP: 14/14 MP: 1/1
   148 | D:1      | Reached XP level 2. HP: 17/19 MP: 2/2
   173 | D:1      | Found a sparkling altar of Nemelex Xobeh.
   233 | D:1      | Reached skill level 3 in Axes
   467 | D:1      | Reached ** piety under Trog
   771 | D:2      | Noticed Robin
   775 | D:2      | Reached XP level 3. HP: 23/23 MP: 3/3
   784 | D:2      | Killed Robin
   978 | D:2      | Reached XP level 4. HP: 29/29 MP: 4/4
  1428 | D:3      | Reached *** piety under Trog
  1428 | D:3      | Reached XP level 5. HP: 28/33 MP: 5/5
  1739 | D:3      | Noticed Iflex's ghost (amateur MfGl)
  1759 | D:3      | Killed Iflex's ghost
  1759 | D:3      | Reached skill level 4 in Axes
  1759 | D:3      | Reached XP level 6. HP: 39/39 MP: 6/6
  2279 | D:4      | Found an oddly glowing altar of Pakellas.
  2332 | D:4      | Noticed azmarco's ghost (amateur TrFi)
  2353 | D:4      | Killed azmarco's ghost
  2353 | D:4      | Reached skill level 5 in Fighting
  2353 | D:4      | Reached XP level 7. HP: 39/44 MP: 7/7
  2522 | D:4      | Noticed Pikel
  2559 | D:4      | Killed Pikel
  2559 | D:4      | Reached **** piety under Trog
  2559 | D:4      | Reached skill level 5 in Axes
  2559 | D:4      | Reached skill level 5 in Armour
  2559 | D:4      | Reached XP level 8. HP: 51/51 MP: 8/8
  2586 | D:4      | HP: 1/51 [ogre/giant club (16)]
  3035 | D:4      | Reached skill level 6 in Axes
  3078 | D:4      | Found a shadowy altar of Dithmenos.
  3529 | D:5      | Entered Level 5 of the Dungeon
  3624 | D:5      | Noticed Lluna's ghost (amateur CeHu)
  3634 | D:5      | Killed Lluna's ghost
  3634 | D:5      | Reached XP level 9. HP: 57/57 MP: 9/9
  3638 | D:5      | Found an ancient bone altar of Kikubaaqudgha.
  3639 | D:5      | Found a burning altar of Makhleb.
  3639 | D:5      | Found an iron altar of Okawaru.
  3645 | D:5      | Found a glowing golden altar of the Shining One.
  3646 | D:5      | Found a white marble altar of Elyvilon.
  3711 | D:5      | Found a deep blue altar of Sif Muna.
  4047 | D:5      | Found a blossoming altar of Fedhas.
  4047 | D:5      | Found a sparkling altar of Nemelex Xobeh.
  4254 | D:6      | Found a staircase to the Ecumenical Temple.
  4261 | D:6      | Reached ***** piety under Trog
  4265 | D:6      | Reached skill level 7 in Axes
  4688 | D:6      | Found Melick's Book Shop.
  4773 | D:6      | Found a glowing silver altar of Zin.
  4773 | D:6      | Found an opulent altar of Gozag.
  4984 | Temple   | Entered the Ecumenical Temple
  5151 | D:7      | Noticed Duvessa
  5152 | D:7      | Noticed Dowan
  5158 | D:7      | Killed Dowan
  5164 | D:7      | Killed Duvessa
  5201 | D:7      | Noticed a polar bear
  5201 | D:7      | Noticed a death yak
  5202 | D:7      | Noticed a griffon
  5202 | D:7      | Noticed a griffon
  5202 | D:7      | Noticed a polar bear
  5202 | D:7      | Found a huge runed gate.
  5202 | D:7      | Found a huge runed gate.
  5202 | D:7      | Found a huge runed gate.
  5203 | D:7      | Noticed a polar bear
  5203 | D:7      | Found a huge runed gate.
  5203 | D:7      | Noticed a polar bear
  5203 | D:7      | Noticed a polar bear
  5368 | D:7      | Received a gift from Trog
  5382 | D:7      | Reached skill level 8 in Axes
  5680 | D:7      | Reached XP level 10. HP: 54/66 MP: 10/10
  6085 | D:7      | Noticed Joseph
  6109 | D:7      | Killed Joseph
  6169 | D:7      | Found a basalt altar of Yredelemnul.
  6504 | D:8      | Reached skill level 1 in Stealth
  6539 | D:8      | Found a stormy altar of Qazlal.
  6623 | D:8      | Reached skill level 9 in Axes
  6749 | D:8      | Reached skill level 10 in Fighting
  7200 | D:9      | Received a gift from Trog
  7404 | D:9      | Reached XP level 11. HP: 70/72 MP: 3/11
  7968 | D:10     | Entered Level 10 of the Dungeon
  8041 | D:10     | Reached skill level 10 in Axes
  8163 | D:10     | Found a staircase to the Lair.
  8200 | D:10     | You fall through a shaft for 2 floors!
  8330 | D:11     | Reached ****** piety under Trog
  8809 | D:11     | Reached skill level 10 in Armour
  8924 | D:11     | Reached skill level 11 in Axes
  8972 | D:11     | Noticed a cyclops
  9280 | Lair:1   | Entered Level 1 of the Lair of Beasts
  9441 | Lair:1   | Received a gift from Trog
  9935 | Lair:2   | Reached XP level 12. HP: 29/80 MP: 4/12
 10097 | Lair:2   | Noticed atarun's ghost (journeyman HOBe)
 10117 | Lair:2   | Killed atarun's ghost
 10958 | Lair:2   | Reached skill level 12 in Axes
 11074 | Lair:3   | Noticed a six-headed hydra
 11086 | Lair:3   | Killed a 12-headed hydra
 11173 | Lair:3   | Received a gift from Trog
 11363 | Lair:3   | Noticed Harold
 11381 | Lair:3   | Killed Harold
 11779 | Lair:3   | Reached XP level 13. HP: 73/87 MP: 4/13
 11784 | Lair:3   | Reached skill level 13 in Axes
 12145 | Lair:4   | Found a staircase to the Snake Pit.
 12300 | Lair:4   | Found a dark tunnel.
 12307 | Volcano  | Entered a volcano
 12919 | Snake:1  | Entered Level 1 of the Snake Pit
 13091 | Snake:1  | Received a gift from Trog
 13408 | Snake:1  | You fall through a shaft!
 14143 | Snake:2  | Found Kaipn's Book Boutique.
 14410 | Snake:2  | Reached skill level 14 in Axes
 14917 | Snake:1  | Gained mutation: Your large and strong wings let you fly indefinitely. [Gargoyle growth]
 14917 | Snake:1  | Reached XP level 14. HP: 75/96 MP: 4/14
 15260 | Snake:3  | Received a gift from Trog
 16296 | Snake:3  | Noticed Kirke
 16311 | Snake:3  | Killed Kirke
 16460 | Snake:3  | Noticed a greater naga
 16468 | Snake:3  | Killed a greater naga
 16468 | Snake:3  | Reached skill level 15 in Axes
 16795 | Snake:3  | Reached skill level 15 in Fighting
 16985 | Snake:3  | Reached XP level 15. HP: 74/103 MP: 5/15
 17114 | Snake:3  | Received a gift from Trog
 17503 | Snake:4  | Entered Level 4 of the Snake Pit
 17947 | Snake:4  | Noticed a greater naga
 17961 | Snake:4  | Killed a greater naga
 17961 | Snake:4  | Reached skill level 16 in Axes
 18657 | Snake:4  | Noticed a greater naga
 18671 | Snake:4  | Killed a greater naga
 18874 | Snake:4  | Received a gift from Trog
 19132 | Snake:4  | Reached XP level 16. HP: 110/110 MP: 5/16
 19162 | Snake:4  | Noticed a greater naga
 19179 | Snake:4  | Killed a greater naga
 19548 | Snake:4  | Noticed a greater naga
 19559 | Snake:4  | Killed a greater naga
 19568 | Snake:4  | Noticed a greater naga
 19741 | Snake:4  | Killed a greater naga
 19785 | Snake:4  | Reached skill level 15 in Armour
 20075 | Snake:4  | Received a gift from Trog
 20079 | Snake:4  | Reached skill level 17 in Axes
 20229 | Snake:4  | Noticed a greater naga
 20245 | Snake:4  | Killed a greater naga
 20318 | Snake:4  | Noticed a greater naga
 20376 | Snake:4  | Killed a greater naga
 20706 | Snake:4  | Noticed a greater naga
 20713 | Snake:4  | Noticed a greater naga
 20719 | Snake:4  | Killed a greater naga
 20721 | Snake:4  | Killed a greater naga
 20988 | Snake:4  | Noticed a greater naga
 20989 | Snake:4  | Noticed a greater naga
 20999 | Snake:4  | Killed a greater naga
 21000 | Snake:4  | Killed a greater naga
 21014 | Snake:4  | Got a serpentine rune of Zot
 21060 | Snake:4  | Noticed a greater naga
 21076 | Snake:4  | Killed a greater naga
 21076 | Snake:4  | Received a gift from Trog
 21262 | Snake:3  | Reached skill level 5 in Dodging
 21263 | Snake:3  | Reached XP level 17. HP: 113/117 MP: 5/17
 21465 | Lair:5   | Found an oddly glowing altar of Pakellas.
 21691 | Lair:5   | Found a staircase to the Swamp.
 21938 | Lair:5   | Found a frozen archway.
 21955 | IceCv    | Entered an ice cave
 22597 | IceCv    | Received a gift from Trog
 22861 | IceCv    | Got a pair of jewelled boots
 22872 | IceCv    | Identified the +2 pair of boots "Uzaos" {rPois rC+ Str+2 Int-4} (You found it in an ice cave)
 23686 | Lair:6   | Reached skill level 18 in Axes
 24622 | Lair:7   | Received a gift from Trog
 25143 | Lair:8   | Entered Level 8 of the Lair of Beasts
 25195 | Lair:8   | Found a staircase to the Slime Pits.
 25598 | Lair:8   | Received a gift from Trog
 25838 | Lair:8   | Received a gift from Trog
 26711 | Swamp:1  | Entered Level 1 of the Swamp
 26821 | Swamp:1  | Reached XP level 18. HP: 125/125 MP: 18/18
 27849 | Swamp:2  | Reached skill level 19 in Axes
 27868 | Swamp:2  | Killed from afar by a thorn hunter

Skill      XL: |  1  2  3  4  5  6  7  8  9 10 11 12 13 14 15 16 17 18 |
---------------+-------------------------------------------------------+-----
Axes           | 3 4 5 6 8 9 11 12 14 15 16 17 18 19 | 19.0
Dodging        | 2 3 4 5 |  5.4
Fighting       | 4 5 6 7 9 10 11 12 14 15 16 17 18 | 18.3
Armour         | 3 4 5 6 7 9 10 11 12 13 14 15 16 | 16.0
Stealth        | 1 2 3 |  3.3
Throwing       | |  0.1

Action                   |  1- 3 |  4- 6 |  7- 9 | 10-12 | 13-15 | 16-18 || total
-------------------------+-------+-------+-------+-------+-------+-------++-------
Melee: Hand axe          |   124 |   220 |   147 |       |       |       ||   491
       War axe           |       |       |   236 |   194 |       |       ||   430
       Battleaxe         |       |       |       |   478 |   707 |   705 ||  1890
       Executioner's axe |       |       |       |       |       |   434 ||   434
Throw: Javelin           |       |       |       |     3 |     2 |     1 ||     6
Invok: Berserk           |     1 |     2 |     6 |    10 |    19 |    10 ||    48
       Brothers in Arms  |       |       |       |       |     1 |     2 ||     3
 Abil: Fly               |       |       |       |       |       |     1 ||     1
Evoke: Wand              |       |       |       |     1 |       |       ||     1
  Use: Scroll            |       |     7 |     5 |    10 |     7 |    20 ||    49
       Potion            |       |       |     1 |       |     7 |     3 ||    11
  Eat: Bread ration      |     1 |       |       |       |       |       ||     1
       Chunk             |       |     3 |    11 |    26 |     8 |    12 ||    60
       Fruit             |       |       |     1 |     1 |     4 |       ||     6
       Pizza             |       |       |     1 |     1 |     1 |     1 ||     4
       Meat ration       |       |       |     1 |       |     3 |     5 ||     9
       Beef jerky        |       |       |       |     2 |     6 |     2 ||    10
       Royal jelly       |       |       |       |       |     3 |       ||     3
Armor: Plate armour      |   103 |   202 |   271 |   775 |   717 |  1185 ||  3253
Dodge: Dodged            |    39 |    71 |   117 |   368 |   392 |   803 ||  1790
